 Dungeon Crawl Stone Soup version 0.26.1-11-gd32895ea62 (webtiles) character file.

Game seed: 8975940544972113023

56 Almogavar the Magician (level 3, 0/42 HPs)
             Began as a Gnoll Wanderer on July 11, 2021.
             Succumbed to an adder's poison
             ... on level 2 of the Dungeon.
             The game lasted 00:04:27 (1746 turns).

Almogavar the Magician (Gnoll Wanderer)             Turns: 1746, Time: 00:04:27

Health: 0/42       AC: 21    Str: 14    XL:     3   Next: 95%
Magic:  11/11      EV:  2    Int: 16    God:
Gold:   43         SH:  0    Dex: 13    Spells: 16/16 levels left

rFire    . . .     SeeInvis .   a - +0 club
rCold    . . .     Faith    .   (no shield)
rNeg     + + +     Spirit   .   (armour currently unavailable)
rPois    +         Reflect  .   (helmet currently unavailable)
rElec    .         Harm     .   (cloak currently unavailable)
rCorr    .         Rampage  .   (gloves currently unavailable)
Will     .....     NoTele   +   (boots currently unavailable)
Stlth    ++........             (no amulet)
HPRegen  0.14/turn              (no ring)
MPRegen  0.12/turn              (no ring)

@: brilliant, lethally poisoned (0 -> -7), tree-form, very slightly
contaminated, invisible
A: distributed training, robust 1, subdued magic 1, strong nose
a: no special abilities


You were on level 2 of the Dungeon.
You were a tree.
You visited 1 branch of the dungeon, and saw 2 of its levels.

You collected 43 gold pieces.

Inventory:

Hand Weapons
 a - a +0 club (weapon)
 b - a +0 shortbow
Missiles
 c - 12 arrows
 d - 9 bolts
 k - 16 stones (quivered)
Armour
 e - a +0 robe (melded)
 f - a +0 kite shield
 i - a +0 ring mail
Scrolls
 j - 2 scrolls of fear {unknown}
 n - a scroll of enchant weapon {unknown}
Potions
 h - a potion of brilliance


   Skills:
 + Level 1.0 Fighting
 + Level 1.0 Short Blades
 + Level 1.0 Long Blades
 + Level 1.0 Axes
 + Level 4.6 Maces & Flails
 + Level 1.0 Polearms
 + Level 1.0 Staves
 + Level 1.0 Slings
 + Level 1.0 Bows
 + Level 1.0 Crossbows
 + Level 1.0 Throwing
 + Level 2.6 Armour
 + Level 1.0 Dodging
 + Level 1.0 Stealth
 + Level 4.6 Shields
 + Level 1.0 Unarmed Combat
 + Level 7.1 Spellcasting
 + Level 0.7 Conjurations
 + Level 0.7 Hexes
 + Level 0.7 Summonings
 + Level 2.1 Necromancy
 + Level 0.7 Translocations
 + Level 0.7 Transmutations
 + Level 0.7 Fire Magic
 + Level 0.7 Ice Magic
 + Level 2.1 Air Magic
 + Level 0.7 Earth Magic
 + Level 0.7 Poison Magic
 + Level 1.0 Invocations
 + Level 1.0 Evocations


You had 16 spell levels left.
You didn't know any spells.
Your spell library contained the following spells:

 Spells                   Type           Power        Failure   Level
 Swiftness                Air            14%          6%          2
 Poisonous Vapours        Pois/Air       22%          9%          2


Dungeon Overview and Level Annotations

Branches:
Dungeon (2/15)

Altars:


Innate Abilities, Weirdness & Mutations

Your experience applies equally to all skills.
((You have very sharp teeth.))
Your uncanny sense of smell can sniff out nearby items.
((You have sharp fingernails.))
You are robust. (+10% HP)
Your spells are a little easier to cast, but a little less powerful.


Message History

You feel clever all of a sudden.
* * * LOW HITPOINT WARNING * * *
You feel sick.
It was a potion of lignification.
You turn into a tree.
Your +0 robe melds into your body.
Your roots penetrate the ground.
* * * LOW HITPOINT WARNING * * *
You feel sick.
It was a potion of mutation.
You feel extremely strange.
Your fingernails lengthen.
Your connection to magic feels subdued.
You feel robust.
* * * LOW HITPOINT WARNING * * *
You feel sick.
It was a potion of invisibility.
You fade into invisibility!
* * * LOW HITPOINT WARNING * * *
You feel sick.
You are very lightly contaminated with residual magic.
* * * LOW HITPOINT WARNING * * *
You feel sick.
You die...

................#
..#..#..........##
......#...........#
..................#
(.....#...........#
(..#.............##
....#.....†......#
.##.#...#..#.....###
#((♣.###.#.......#
#...## #.†.......#
##... ##........#
>...##.##...<....#
.....##...)###....#
...=..####...# ....#
....... ##...#....#
####.... ##†.#....#
...#####


There were no monsters in sight!

Vanquished Creatures
  An adder (D:2)
  A worm (D:2)
  3 dart slugs (D:1)
  2 leopard geckos (D:1)
  5 bats
  2 giant cockroaches
  9 goblins
  A hobgoblin (D:1)
  2 jackals (D:1)
  A frilled lizard (D:2)
  6 kobolds (D:1)
  A rat (D:1)
34 creatures vanquished.

Notes
Turn   | Place    | Note
-------+----------+-------------------------------------------
     0 | D:1      | Almogavar the Gnoll Wanderer began the quest for the Orb.
     0 | D:1      | Almogavar set off with the following items: a +0 club, a +0
                  | shortbow, 25 arrows, a +0 robe, a +0 kite shield; and the
                  | following spells available to memorise: Swiftness,
                  | Poisonous Vapours
     0 | D:1      | Reached XP level 1. HP: 13/13 MP: 8/8
   519 | D:1      | Reached XP level 2. HP: 19/19 MP: 10/10
   797 | D:1      | Reached XP level 3. HP: 25/25 MP: 11/11
  1435 | D:2      | Reached skill level 1 in Invocations
  1740 | D:2      | Reached skill level 1 in Fighting
  1740 | D:2      | Reached skill level 1 in Short Blades
  1740 | D:2      | Reached skill level 1 in Long Blades
  1740 | D:2      | Reached skill level 1 in Axes
  1740 | D:2      | Reached skill level 1 in Polearms
  1740 | D:2      | Reached skill level 1 in Staves
  1740 | D:2      | Reached skill level 1 in Slings
  1740 | D:2      | Reached skill level 1 in Bows
  1740 | D:2      | Reached skill level 1 in Crossbows
  1740 | D:2      | Reached skill level 1 in Throwing
  1740 | D:2      | Reached skill level 1 in Dodging
  1740 | D:2      | Reached skill level 1 in Stealth
  1740 | D:2      | Reached skill level 1 in Unarmed Combat
  1740 | D:2      | Reached skill level 1 in Evocations
  1742 | D:2      | Gained mutation: You have sharp fingernails. [potion of
                  | mutation]
  1742 | D:2      | Gained mutation: Your spells are a little easier to cast,
                  | but a little less powerful. [potion of mutation]
  1742 | D:2      | Gained mutation: You are robust. (+10% HP) [potion of
                  | mutation]
  1742 | D:2      | HP: 2/42 [poisoned by an adder]
  1746 | D:2      | Succumbed to an adder's poison

Illustrated notes

Levels and vault maps discovered:
D:1:      roderic_dead_forest, layout_basic
D:2:      layout_rooms

Skill      XL: |  1  2  3 |
---------------+----------+-----
Necromancy     | 2 |  2.1
Air Magic      | 2 |  2.1
Invocations    | 1 |  1.0
Fighting       | 1 |  1.0
Short Blades   | 1 |  1.0
Long Blades    | 1 |  1.0
Axes           | 1 |  1.0
Polearms       | 1 |  1.0
Staves         | 1 |  1.0
Slings         | 1 |  1.0
Bows           | 1 |  1.0
Crossbows      | 1 |  1.0
Throwing       | 1 |  1.0
Dodging        | 1 |  1.0
Stealth        | 1 |  1.0
Unarmed Combat | 1 |  1.0
Evocations     | 1 |  1.0
Maces & Flails | |  4.6
Armour         | |  2.6
Shields        | |  4.6
Spellcasting   | |  7.1
Conjurations   | |  0.7
Hexes          | |  0.7
Summonings     | |  0.7
Translocations | |  0.7
Transmutations | |  0.7
Fire Magic     | |  0.7
Ice Magic      | |  0.7
Earth Magic    | |  0.7
Poison Magic   | |  0.7

Action                   || total
-------------------------++-------
Melee: Club              ||    30
       Bite              ||     3
 Fire: Shortbow          ||    84
  Use: Potion            ||     4
Armor: Robe              ||     2
Dodge: Dodged            ||    29
Block: Kite shield       ||     2
